 Dungeon Crawl Stone Soup version 0.24.0-123-gd5b16e6ec5 (webtiles) character file.

Game seed: 3482316149589376110, levelgen mode: deterministic

17565 matewu the Bludgeoner (level 12, -2/109 (110) HPs)
             Began as a Minotaur Berserker on Jan 11, 2020.
             Was a High Priest of Trog.
             Slain by a death yak (4 damage)
             ... on level 1 of the Lair of Beasts.
             The game lasted 01:22:16 (13165 turns).

matewu the Bludgeoner (Minotaur Berserker)         Turns: 13165, Time: 01:22:17

HP:   -2/109 (110)  AC: 18    Str: 28    XL:     12   Next: 20%
MP:   3/3           EV:  9    Int:  4    God:    Trog [*****.]
Gold: 761           SH: 16    Dex:  9    Spells: 11/11 levels left

rFire    . . .     SeeInvis +   Z - +2 morningstar (antimagic)
rCold    . . .     Gourm    .   D - +0 shield
rNeg     . . .     Faith    .   N - +0 plate armour
rPois    +         Spirit   .   (helmet restricted)
rElec    .         Reflect  +   (no cloak)
rCorr    .         Harm     .   C - +1 pair of gloves
MR       .....                  Q - +0 pair of boots
Stlth    ..........             R - +5 amulet of reflection
HPRegen  0.28/turn              e - ring of poison resistance
MPRegen  0.08/turn              v - ring of see invisible

@: about to teleport
A: retaliatory headbutt, horns 2
a: Berserk, Trog's Hand, Brothers in Arms, Renounce Religion


You were on level 1 of the Lair of Beasts.
You worshipped Trog.
Trog was extremely pleased with you.
You were not hungry.

You visited 2 branches of the dungeon, and saw 12 of its levels.

You collected 761 gold pieces.

Inventory:

Hand Weapons
 K - a +2 antimagic great mace
 Z - a +2 antimagic morningstar (weapon)
Armour
 C - a +1 pair of gloves (worn)
 D - a +0 shield (worn)
 N - a +0 plate armour (worn)
 Q - a +0 pair of boots (worn)
Jewellery
 e - a ring of poison resistance (left hand)
 g - the ring "Pytz" {rElec rF+ Dex+4, unknown}
   (You found it on level 11 of the Dungeon)

   [ring of protection from fire]

   It affects your dexterity (+4).
   It protects you from fire.
   It insulates you from electricity.
 v - a ring of see invisible (right hand)
 H - an uncursed ring of resist corrosion
 R - a +5 amulet of reflection (around neck)
 X - an uncursed ring of fire {unknown}
Wands
 a - a wand of iceblast (9)
 B - a wand of flame (14)
 L - a wand of scattershot (8)
Scrolls
 f - 5 scrolls of amnesia {unknown}
 h - 9 scrolls of remove curse
 k - 2 scrolls of immolation {unknown}
 l - 5 scrolls of magic mapping
 m - 5 scrolls of teleportation
 o - 3 scrolls of random uselessness {unknown}
 p - 2 scrolls of fear {unknown}
 q - 2 scrolls of enchant armour {unknown}
 z - 2 scrolls of holy word {unknown}
 E - 2 scrolls of fog {unknown}
 M - a scroll of silence {unknown}
 P - 2 scrolls of enchant weapon {unknown}
 U - a scroll of torment {unknown}
 Y - 2 scrolls of identify
Potions
 d - 4 potions of haste {unknown}
 n - 3 potions of brilliance {unknown}
 r - 5 potions of heal wounds {unknown}
 s - a potion of might {unknown}
 t - 10 potions of curing {unknown}
 w - 3 potions of lignification {unknown}
 A - 3 potions of invisibility {unknown}
 F - a potion of cancellation {unknown}
 J - 3 potions of resistance {unknown}
 T - a potion of agility
 V - a potion of degeneration {unknown}
 W - 2 potions of ambrosia {unknown}
Comestibles
 b - 4 chunks of flesh
 c - 12 rations


   Skills:
 + Level 11.0 Fighting
 + Level 15.4 Maces & Flails
 + Level 10.8 Armour
 + Level 6.5 Dodging
 + Level 1.2 Stealth
 + Level 7.6 Shields


You had 11 spell levels left.
You didn't know any spells.
Your spell library was empty.

Dungeon Overview and Level Annotations

Branches:
Dungeon (11/15)            Temple (0/1) D:7            Lair (1/6) D:11
    Orc (0/2) D:11

Altars:
Elyvilon
Gozag
Kikubaaqudgha
Nemelex Xobeh
Okawaru
Ru
Xom
Beogh

Shops:
D:11 (


Innate Abilities, Weirdness & Mutations

You reflexively headbutt those who attack you in melee.
You have a pair of horns on your head.


Message History

The death yak gores the plant!
The death yak gores you.
The death yak gores you but does no damage.
The yak gores the plant but does no damage.
You hit the death yak. Your headbutt misses the death yak.
The death yak is moderately wounded.
The death yak gores the plant!!
The death yak gores you! x2
* * * LOW HITPOINT WARNING * * *
You hit the death yak but do no damage.
The death yak is moderately wounded.
The yak gores the plant!
The plant is destroyed!
The death yak gores you!
* * * LOW HITPOINT WARNING * * *
The death yak gores you!
* * * LOW HITPOINT WARNING * * *
The death yak gores the plant.
As you read the scroll of teleportation, it crumbles to dust.
You feel strangely unstable. The death yak barely misses you.
The death yak gores you.
You die...

#†............
#.............
#..............
#Y#.##'#.+##...
#Y#........#..#
#.P.....>.....#
##YY........#..#
#YY#........#..#
##@#........#..#
#.#####.#..#..####
#.................
#.................
#......)..........
#P..............[..
##.................
#.................
#...#######.......


You could see 4 death yaks and 2 yaks.

Vanquished Creatures
  Harold (D:8)
  A two-headed ogre (D:11)
  A queen ant (D:10)
  2 death yaks (Lair:1)
  An ugly thing (D:9)
  An elephant (D:11)
  2 spiny frogs (Lair:1)
  3 komodo dragons (Lair:1)
  Prince Ribbit (D:5)
  2 hippogriffs
  Sigmund (D:4)
  A vampire (D:11)
  2 wyverns
  6 yaks
  Grum (D:8)
  A hungry ghost (D:9)
  2 basilisks (D:11)
  Edmund (D:5)
  18 soldier ants
  A water moccasin (Lair:1)
  2 porcupines (Lair:1)
  2 black bears
  3 ice beasts
  4 sky beasts
  10 orc warriors
  A hornet zombie (D:7)
  A necrophage (D:10)
  7 ogres
  4 wolves (D:8)
  A phantom (D:11)
  3 crocodiles
  7 centaurs
  2 big kobolds
  2 gnoll sergeants
  7 bullfrogs
  A wyvern zombie (D:11)
  A scorpion (D:11)
  A killer bee (D:7)
  6 wights
  4 howler monkeys
  An electric eel (D:6)
  5 crimson imps
  A quasit (D:6)
  A bullfrog zombie (D:7)
  5 hounds
  11 orc priests
  2 centaur skeletons
  10 orc wizards
  3 bullfrog skeletons
  Jessica (D:2)
  4 iguanas
  28 worker ants
  2 killer bee zombies
  A hound zombie (D:6)
  2 hound skeletons
  4 worker ant zombies
  7 gnolls (D:8)
  10 adders
  A howler monkey skeleton (D:4)
  3 shadow imps
  An ooze (D:4)
  2 adder skeletons
  2 adder zombies
  4 worms (D:2)
  4 dart slugs
  7 leopard geckos
  36 orcs
  8 bats
  7 giant cockroaches
  8 goblins
  10 hobgoblins
  14 jackals
  7 kobolds
  10 quokkas
  2 ball pythons
  6 frilled lizards
  A leopard gecko skeleton (D:7)
  A quokka skeleton (D:9)
  A quokka zombie (D:5)
  5 rats
  8 fungi (Lair:1)
  4 plants (Lair:1)
368 creatures vanquished.

Vanquished Creatures (others)
  2 plants (Lair:1)
2 creatures vanquished.

Grand Total: 370 creatures vanquished

Notes
Turn   | Place    | Note
-------+----------+-------------------------------------------
     0 | D:1      | matewu the Minotaur Berserker began the quest for the Orb.
     0 | D:1      | Reached XP level 1. HP: 19/19 MP: 0/0
   202 | D:1      | Reached skill level 4 in Maces & Flails
   202 | D:1      | Reached XP level 2. HP: 23/27 MP: 1/1
   467 | D:1      | Reached XP level 3. HP: 25/33 MP: 2/2
   573 | D:1      | Reached ** piety under Trog
  1081 | D:2      | Found an ancient bone altar of Kikubaaqudgha.
  1136 | D:2      | Reached XP level 4. HP: 41/41 MP: 3/3
  1179 | D:2      | Reached skill level 5 in Maces & Flails
  1343 | D:2      | Noticed Jessica
  1348 | D:2      | Killed Jessica
  1671 | D:2      | Reached XP level 5. HP: 47/47 MP: 4/4
  1936 | D:3      | Reached *** piety under Trog
  1973 | D:3      | Received a gift from Trog
  2131 | D:3      | Noticed an ogre
  2235 | D:3      | Found an iron altar of Okawaru.
  2488 | D:3      | Killed an ogre
  2488 | D:3      | Reached skill level 6 in Maces & Flails
  2488 | D:3      | Reached XP level 6. HP: 12/55 MP: 5/5
  2987 | D:4      | Noticed Sigmund
  3362 | D:4      | Reached skill level 5 in Fighting
  3660 | D:4      | Reached skill level 5 in Armour
  3660 | D:4      | Reached XP level 7. HP: 60/61 MP: 6/6
  3715 | D:5      | Entered Level 5 of the Dungeon
  3738 | D:5      | Found an opulent altar of Gozag.
  4010 | D:4      | Reached skill level 7 in Maces & Flails
  4096 | D:4      | Killed Sigmund
  4142 | D:4      | Reached XP level 8. HP: 56/70 MP: 7/7
  4303 | D:5      | Reached **** piety under Trog
  4369 | D:5      | Noticed Edmund
  4389 | D:5      | Killed Edmund
  4389 | D:5      | Reached skill level 8 in Maces & Flails
  4639 | D:5      | Found a sparkling altar of Nemelex Xobeh.
  4652 | D:5      | Found a sacrificial altar of Ru.
  4653 | D:5      | Found a white marble altar of Elyvilon.
  4654 | D:5      | Noticed Prince Ribbit
  4673 | D:5      | Killed Prince Ribbit
  5530 | D:6      | Reached skill level 9 in Maces & Flails
  5530 | D:6      | Reached skill level 5 in Dodging
  5532 | D:6      | Reached skill level 1 in Stealth
  5681 | D:6      | Reached XP level 9. HP: 67/79 MP: 8/8
  5950 | D:6      | Reached skill level 1 in Shields
  6152 | D:6      | Reached skill level 10 in Maces & Flails
  6745 | D:7      | Reached skill level 11 in Maces & Flails
  6783 | D:7      | Found a staircase to the Ecumenical Temple.
  7097 | D:7      | Reached ***** piety under Trog
  7335 | D:7      | Reached XP level 10. HP: 80/88 MP: 9/9
  7987 | D:8      | Noticed Grum
  7995 | D:8      | Killed Grum
  7995 | D:8      | Reached skill level 12 in Maces & Flails
  8315 | D:8      | Noticed Harold
  8661 | D:8      | Found a shimmering altar of Xom.
  8738 | D:8      | Killed Harold
  8738 | D:8      | Reached skill level 5 in Shields
  9156 | D:9      | Reached skill level 13 in Maces & Flails
  9189 | D:9      | Found a runed translucent door.
  9258 | D:9      | Noticed a brown ugly thing
  9706 | D:9      | Killed a brown ugly thing
  9706 | D:9      | Reached XP level 11. HP: 56/97 MP: 10/10
  9790 | D:9      | Received a gift from Trog
  9816 | D:9      | Found a runed translucent door.
 10108 | D:10     | Entered Level 10 of the Dungeon
 10561 | D:10     | Noticed a queen ant
 10585 | D:10     | Killed a queen ant
 10993 | D:10     | Reached skill level 14 in Maces & Flails
 11523 | D:10     | Reached skill level 10 in Armour
 11526 | D:10     | Reached skill level 10 in Fighting
 11787 | D:11     | Got a twitching platinum ring
 11843 | D:11     | Noticed a two-headed ogre
 11852 | D:11     | Killed a two-headed ogre
 11859 | D:11     | Found a staircase to the Orcish Mines.
 11909 | D:11     | Found Biyreurhuy's Antique Weapon Emporium.
 12116 | D:11     | Reached skill level 15 in Maces & Flails
 12143 | D:11     | Found a staircase to the Lair.
 12356 | D:11     | Received a gift from Trog
 12498 | D:11     | Found a roughly hewn altar of Beogh.
 12644 | Lair:1   | Entered Level 1 of the Lair of Beasts
 12758 | Lair:1   | Reached XP level 12. HP: 76/107 MP: 3/11
 13113 | Lair:1   | Noticed a death yak
 13113 | Lair:1   | Noticed a death yak
 13115 | Lair:1   | Noticed a death yak
 13115 | Lair:1   | Noticed a death yak
 13115 | Lair:1   | Noticed a death yak
 13116 | Lair:1   | Noticed a death yak
 13150 | Lair:1   | Killed a death yak
 13158 | Lair:1   | Killed a death yak
 13164 | Lair:1   | HP: 2/109 [death yak (8)]
 13165 | Lair:1   | Slain by a death yak

Levels and vault maps discovered:
D:1:      wheals_arrival_linesprint, layout_rooms, kennysheep_crisscross,
          chequers_serial_rivers_micro_d, minmay_misc_feat_secret_circle,
          minmay_misc_feat_five
D:2:      layout_loops_ring, lemuel_round_altar, first_ration,
          minmay_misc_feat_diagonals, minmay_cut_off, uniq_jessica
D:3:      layout_rooms, okawaru_metal_pillars_3, hangedman_glass_teeth
D:4:      layout_rooms, kennysheep_generic_room_13, uniq_sigmund
D:5:      cheibrodos_quashed, layout_basic, grunt_gozag_breadcrumbs,
          chequers_temple_overflow_statue_of_worship, uniq_edmund,
          uniq_prince_ribbit1
D:6:      layout_cave_pods, lightli_minifort
D:7:      hangedman_cross_stitches, layout_cave_pods, minmay_temple_entry_hall,
          amethyst_killhole, roderic_roman_lattice, minmay_fractal_squares_5
D:8:      layout_loops_ring, marbit_many_paths, uniq_harold, uniq_grum
D:9:      cheibrodos_histonic, layout_rooms
D:10:     layout_irregular_city, minivault_29
D:11:     layout_irregular_city, david_lair_generic,
          minmay_orc_entry_temple_small, serial_shops, shop
Lair:1:   layout_regular_city, lemuel_fruit_fields

Skill      XL: |  1  2  3  4  5  6  7  8  9 10 11 12 |
---------------+-------------------------------------+-----
Maces & Flails | 4 5 6 7 9 11 13 15 | 15.4
Fighting       | 4 5 7 8 9 10 11 | 11.0
Dodging        | 3 4 5 6 |  6.5
Armour         | 3 4 5 6 7 8 9 10 | 10.8
Stealth        | 1 |  1.2
Shields        | 3 6 7 |  7.6

Action                   |  1- 3 |  4- 6 |  7- 9 | 10-12 || total
-------------------------+-------+-------+-------+-------++-------
Melee: Mace              |   105 |   127 |    71 |       ||   303
       Headbutt          |    12 |    28 |    62 |   149 ||   251
       Flail             |       |       |   283 |   337 ||   620
       Great mace        |       |       |       |   238 ||   238
       Morningstar       |       |       |       |   133 ||   133
  Use: Scroll            |       |       |     5 |     7 ||    12
 Stab: Sleeping          |     1 |       |       |       ||     1
  Eat: Chunk             |       |     4 |     6 |    13 ||    23
       Ration            |       |     1 |     2 |     2 ||     5
Armor: Animal skin       |    24 |       |       |       ||    24
       Ring mail         |     5 |    27 |    23 |       ||    55
       Leather armour    |     3 |       |       |       ||     3
       Scale mail        |       |       |    74 |       ||    74
       Chain mail        |       |       |    29 |    49 ||    78
       Plate armour      |       |       |       |   182 ||   182
Dodge: Dodged            |    65 |    81 |   148 |   195 ||   489
Block: Shield            |       |       |    93 |   197 ||   290
       Other             |       |       |       |    25 ||    25
